 Dungeon Crawl Stone Soup version 0.29-a0-422-gafbd6decc1 (webtiles) character file.

Game seed: 5009186801232136008

2342 HendSelp the Spear-Bearer (level 9, -1/69 HPs)
             Began as a Human Fighter on May 18, 2022.
             Was an Initiate of Gozag.
             Slain by a hornet (4 damage)
             ... while paralysed by a hornet
             ... on level 7 of the Dungeon.
             The game lasted 00:10:14 (7228 turns).

HendSelp the Spear-Bearer (Human Fighter)           Turns: 7228, Time: 00:10:15

Health: -1/69      AC: 12    Str: 27    XL:     9   Next: 70%
Magic:  9/9        EV:  2    Int: 13    God:    Gozag
Gold:   171        SH:  0    Dex: 12    Spells: 8/8 levels left

rFire   . . .      SeeInvis .   k - +4 trident
rCold   + . .      Faith    .   c - +0 buckler
rNeg    . . .      Spirit   .   b - +0 scale mail
rPois   .          Reflect  .   f - +0 hat
rElec   .          Harm     .   m - scarf {repulsion}
rCorr   .          Rampage  .   (no gloves)
Will    ++...                   q - +3 pair of boots of Bright the Good {rC+ Will+ Regen+ Int+4}
Stlth   ..........              (no amulet)
HPRegen 1.01/turn               d - +6 ring of strength
MPRegen 0.11/turn               h - ring of willpower

@: paralysed, lethally poisoned (-1 -> -9), slowed, repel missiles
A: no striking features
a: Renounce Religion, Potion Petition, Call Merchant, Bribe Branch


You were on level 7 of the Dungeon.
You worshipped Gozag.
Gozag was aware of your devotion.
You visited 2 branches of the dungeon, and saw 8 of its levels.

You collected 1305 gold pieces.
You spent 522 gold pieces at shops.
You paid 612 gold pieces to Gozag.

Inventory:

Hand Weapons
 k - a +4 trident (weapon)
 v - a +0 halberd
Armour
 b - a +0 scale mail (worn)
 c - a +0 buckler (worn)
 f - a +0 hat (worn)
 m - a scarf of repulsion (worn)
 q - the +3 pair of boots of Bright the Good (worn) {rC+ Will+ Regen+ Int+4}
   (You bought it in a shop in the Ecumenical Temple)

   Int:       It affects your intelligence (+4).
   rC:        It protects you from cold.
   Regen:     It increases your rate of health regeneration.
   Will:      It increases your willpower.
 t - a scarf of resistance
Jewellery
 d - a +6 ring of strength (left hand)
 h - a ring of willpower (right hand)
Wands
 l - a wand of flame (22)
 o - a wand of iceblast (4)
 p - a wand of digging (8)
 w - a wand of paralysis (12)
Scrolls
 i - 3 scrolls of teleportation
 j - a scroll of fog
 n - a scroll of magic mapping
 r - a scroll of silence
Potions
 a - a potion of magic {unknown}
 e - a potion of lignification
 u - a potion of flight
 x - 2 potions of resistance {unknown}
 z - a potion of mutation {unknown}


   Skills:
 * Level 5.7 Fighting
 * Level 8.3 Polearms
 * Level 7.3 Armour
 * Level 3.9 Dodging
 - Level 3.0 Shields


You had 8 spell levels left.
You didn't know any spells.
Your spell library contained the following spells:

 Spells                   Type           Power      Damage    Failure   Level
 Magic Dart               Conj           0%         1d3       63%         1
 Call Imp                 Summ           0%         N/A       77%         2
 Ensorcelled Hibernation  Hex/Ice        0%         N/A       77%         2
 Scorch                   Fire           0%         2d5       77%         2
 Confusing Touch          Hex            0%         N/A       94%         3
 Inner Flame              Hex/Fire       0%         N/A       94%         3
 Mephitic Cloud           Conj/Pois/Air  0%         N/A       94%         3
 Spider Form              Tmut/Pois      0%         N/A       94%         3
 Anguish                  Hex/Necr       0%         N/A       100%        4
 Cause Fear               Hex            0%         N/A       100%        4
 Flame Wave               Conj/Fire      0%         2d4       100%        4
 Yara's Violent Unravell  Hex/Tmut       0%         3d3       100%        5
 Summon Cactus Giant      Summ           0%         N/A       100%        6
 Enfeeble                 Hex            0%         N/A       100%        7
 Discord                  Hex            0%         N/A       100%        8


Dungeon Overview and Level Annotations

Branches:
Dungeon (7/15)             Temple (1/1) D:5

Altars:
Ashenzari
Cheibriados
Dithmenos
Elyvilon
Gozag
Hepliaklqana
Kikubaaqudgha
Nemelex Xobeh
Okawaru
Qazlal
Ru
Sif Muna
Trog
Uskayaw
Vehumet
Wu Jian
Xom
Zin
The Shining One

Shops:
Temple [

Annotations:
D:4 1 runed translucent door, Crazy Yiuf


Message History

The hornet is lightly wounded.
You block the hornet's attack.
You barely miss the hornet.
The hornet is lightly wounded.
The hornet stings you!
You feel yourself slow down.
Unknown command.
You hit the hornet.
The hornet is lightly wounded.
You block the hornet's attack. The hornet stings you!
You feel as though you will be slow longer.
Unknown command.
You puncture the hornet!
The hornet is heavily wounded.
The hornet stings you.
You feel as though you will be slow longer.
The hornet closely misses you. The hornet stings you!
You are poisoned.
You feel as though you will be slow longer.
You puncture the hornet!
The hornet is severely wounded.
You feel very sick. You block the hornet's attack. The hornet misses you.
Unknown command.
You miss the hornet.
The hornet is severely wounded.
You feel very sick. The hornet stings you!
You suddenly lose the ability to move!
The hornet stings you!
* * * LOW HITPOINT WARNING * * *
You feel as though you will be slow longer.
You feel sick. The hornet stings you.
* * * LOW HITPOINT WARNING * * *
You feel as though you will be slow longer.
You feel sick. The hornet stings you!
* * * LOW HITPOINT WARNING * * *
You are lethally poisoned!
You feel as though you will be slow longer.
The hornet stings you.
You die...
Your body crumbles into a pile of gold.

#.# #.# .# .
#.# .# .# #.#
.##. #.# ...
#.# ..#
######.####..#
$#>........#y.#
######....@..#
#........#
#........<...
#.......##..#
##......# .#
##...#.# #
##..#.# #).#.#


You could see a hornet.

Vanquished Creatures
  An unseen horror (D:6)
  Sigmund (D:4)
  Eustachio (D:4)
  2 water moccasins
  An ice beast (D:6)
  A black bear (D:6)
  2 ogres (D:5)
  2 bullfrogs
  2 necrophages
  Blork the orc (D:4)
  A scorpion (D:5)
  6 wights
  3 jellies
  2 hounds
  Ijyb (D:4)
  5 iguanas
  3 orc wizards (D:6)
  Robin (D:2)
  A gnoll (D:4)
  5 adders
  2 shadow imps
  2 worms (D:2)
  3 orcs (D:4)
  7 endoplasms
  4 giant cockroaches
  7 hobgoblins
  2 jackals (D:1)
  10 kobolds
  5 quokkas
  5 ball pythons
  6 bats
  5 frilled lizards
  12 goblins
  5 rats
117 creatures vanquished.

Notes
Turn   | Place    | Note
-------+----------+-------------------------------------------
     0 | D:1      | HendSelp the Human Fighter began the quest for the Orb.
     0 | D:1      | Reached XP level 1. HP: 18/18 MP: 1/1
   106 | D:1      | Reached XP level 2. HP: 24/24 MP: 2/2
   486 | D:1      | Reached XP level 3. HP: 29/29 MP: 3/3
   991 | D:2      | Found a faded altar of an unknown god.
  1081 | D:2      | Reached skill level 1 in Dodging
  1081 | D:2      | Reached XP level 4. HP: 35/35 MP: 4/4
  1324 | D:2      | Identified the +1 helmet "Wotoplyr" {Will+ Stlth+}
  1324 | D:2      | Noticed Robin
  1334 | D:2      | Reached skill level 3 in Polearms
  1347 | D:2      | Killed Robin
  1367 | D:2      | Identified the +7 flail of the Spectre {pain, MP+9 Dex+3}
  1999 | D:3      | Reached XP level 5. HP: 40/41 MP: 5/5
  2091 | D:3      | Found a white marble altar of Elyvilon.
  2654 | D:4      | Noticed Ijyb
  2693 | D:4      | Killed Ijyb
  2805 | D:4      | Noticed Blork the orc
  2809 | D:4      | Killed Blork the orc
  2810 | D:4      | Reached skill level 4 in Polearms
  2810 | D:4      | Reached XP level 6. HP: 48/48 MP: 6/6
  2834 | D:4      | Noticed Eustachio
  2835 | D:4      | Noticed Sigmund
  2841 | D:4      | Killed Sigmund
  2843 | D:4      | Killed Eustachio
  2844 | D:4      | Reached skill level 5 in Polearms
  2844 | D:4      | Reached XP level 7. HP: 54/54 MP: 7/7
  3702 | D:4      | Identified a scroll of acquirement
  3702 | D:4      | Acquired 998 gold pieces
  3821 | D:4      | Found a snail-covered altar of Cheibriados.
  3863 | D:4      | Found a runed translucent door.
  3864 | D:4      | Noticed Crazy Yiuf
  3891 | D:5      | Entered Level 5 of the Dungeon
  3902 | D:5      | Reached skill level 5 in Armour
  3988 | D:5      | Reached XP level 8. HP: 54/61 MP: 8/8
  4055 | D:5      | Reached skill level 6 in Polearms
  4185 | D:5      | Found a staircase to the Ecumenical Temple.
  4403 | D:5      | Found a sacrificial altar of Ru.
  4433 | D:5      | Found a hazy altar of Hepliaklqana.
  5077 | D:5      | Reached skill level 5 in Fighting
  5077 | D:5      | Reached skill level 7 in Polearms
  5545 | D:6      | Killed an unseen horror
  5546 | D:6      | Reached XP level 9. HP: 25/68 MP: 9/9
  6152 | D:6      | Reached skill level 8 in Polearms
  6844 | D:7      | Found a stormy altar of Qazlal.
  7012 | Temple   | Entered the Ecumenical Temple
  7067 | Temple   | Became a worshipper of Gozag Ym Sagoz the Greedy
  7070 | Temple   | Bought the +3 pair of boots of Bright the Good {rC+ Will+
                  | Regen+ Int+4} for 522 gold pieces
  7218 | D:7      | Noticed a hornet
  7226 | D:7      | Paralysed by a hornet for 3 turns
  7228 | D:7      | HP: 3/69 [hornet (8)]
  7228 | D:7      | Slain by a hornet

Illustrated notes

Levels and vault maps discovered:
D:1:      scummos_arrival_hexagon, layout_loops_cross,
          minmay_misc_feat_enclosed, nrook_campfire
D:2:      layout_loops_cross, shapermc_ecumenical_altar_totnotflames,
          minmay_misc_feat_tiny, uniq_robin
D:3:      layout_basic, overflow_temple_1_default,
          nicolae_concentric_dashed_squares_mild, chequers_arboretum,
          saegor_snake_ambush
D:4:      minmay_razor_zed, layout_loops_cross, chei_slow_surprise,
          uniq_blork_the_orc, uniq_sigmund, uniq_ijyb, uniq_eustachio,
          uniq_crazy_yiuf_cottage
D:5:      layout_cave_pools, mainiacjoe_overflow_two_lobes,
          minmay_temple_entry_drinking_statues
D:6:      layout_basic
D:7:      minmay_recursive_quarters, layout_loops_ring,
          mainiacjoe_overflow_tiny_flanked, dk_vineyard_2, water_boxes_lemuel
Temple:   jpeg_temple_clearing

Skill      XL: |  1  2  3  4  5  6  7  8  9 |
---------------+----------------------------+-----
Dodging        | 1 2 3 |  3.9
Polearms       | 3 4 5 7 8 |  8.3
Armour         | 4 5 6 7 |  7.3
Fighting       | 4 5 |  5.7
Shields        | |  3.0

Action                   |  1- 3 |  4- 6 |  7- 9 || total
-------------------------+-------+-------+-------++-------
Melee: Trident           |    96 |   139 |   235 ||   470
       Unarmed           |       |       |    13 ||    13
Invok: Call Merchant     |       |       |     1 ||     1
Evoke: Wand              |       |     8 |       ||     8
  Use: Scroll            |     6 |     5 |     9 ||    20
       Potion            |       |     1 |    10 ||    11
Armor: Scale mail        |    28 |    77 |    75 ||   180
       Skin              |       |       |    27 ||    27
Dodge: Dodged            |    29 |    42 |   104 ||   175
Block: Buckler           |    17 |    22 |    45 ||    84

Table legend: (Time is in decaauts)
 A = Elapsed time spent in this place.
 B = Non-inter-level travel time spent in this place.
 C = Inter-level travel time spent in this place.
 D = Time resting spent in this place.
 E = Time spent auto-exploring this place.
 F = Levels seen in this place.
 G = Mean time per level.
                   A        B        C        D        E       F      G
               +--------+--------+--------+--------+--------+-----+--------+
         Total |   7284 |   6969 |    315 |    662 |   5207 |   8 |  910.5 |
       Dungeon |   7171 |   6892 |    279 |    662 |   5157 |   7 | 1024.4 |
        Temple |    113 |     78 |     35 |      0 |     50 |   1 |  113.0 |
               +--------+--------+--------+--------+--------+-----+--------+

Top non-repeatable levels by time:
     D:5: 1549 daAuts
     D:6: 1468 daAuts
     D:4: 1275 daAuts
     D:2: 929 daAuts
     D:3: 903 daAuts
     D:1: 854 daAuts
     D:7: 190 daAuts
  Temple: 113 daAuts
